Construct Section Command Post
Construct Platoon Command Post
6-pounder Anti-tank Gun Team
Selects Australian Defense Battlegroup
Selects Australian Light Infantry Section
Selects 2-pounder Anti-tank Gun Team
2-pounder Anti-tank Gun Team
Construct Company Command Post
Selects Vehicle Over Repair
Selects CMP 15cwt Supply Run
Selects Reinforced Resource Caches
6-pounder Anti-tank Gun Team
Selects Charged Creeping Barrage
6-pounder Anti-tank Gun Team